 Dungeon Crawl Stone Soup version bcrawl-1.15-1-g696c4cd9b6 (webtiles) character file.

Game seed: 13537286593298191068

676 Chiseanne the Twirler (level 7, -2/51 HPs)
             Began as a Mummy Archaeologist on Sept 24, 2019.
             Slain by a troll (3 damage)
             ... on level 5 of the Dungeon.
             The game lasted 00:10:50 (4151 turns).

Chiseanne the Twirler (Mummy Archaeologist)         Turns: 4151, Time: 00:10:51

Health: -2/51      AC: 12    Str: 14    XL:     7   Next: 33%
Magic:  7/7        EV: 10    Int: 14    God:
Gold:   368        SH:  0    Dex: 12    Spells: 6/6 levels left

rFire    . . .     SeeInvis .   s - +5 short sword (venom)
rCold    + . .     Gourm    .   (no shield)
rNeg     + + +     Faith    .   e - +1 scale mail {rF+}
rPois    ∞         Spirit   .   c - +1 hat
rElec    .         Reflect  .   (no cloak)
rCorr    .         Harm     .   l - +0 pair of gloves
MR       .....     Clarity  +   d - +1 pair of boots
Stlth    +.........             h - amulet of the acrobat
HPRegen  0.17/turn              (no ring)
MPRegen  0.10/turn              f - +1 ring of protection

@: no status effects
A: no food or potions, fire vulnerability, clarity, cold resistance 1, negative
energy resistance 3, torment resistance, unbreathing
a: no special abilities


You were on level 5 of the Dungeon.
You were not hungry.

You visited 1 branch of the dungeon, and saw 5 of its levels.

You collected 368 gold pieces.

Inventory:

Hand Weapons
 a - the +7 lajatang of Order {silver, rMut}

   It protects you from mutation.
 j - a +1 flail of protection
 s - a +5 short sword of venom (weapon)
Missiles
 b - 237 poisoned needles
 g - 633 arrows
 m - 359 sling bullets
 n - 97 tomahawks (quivered)
 u - 542 bolts
Armour
 c - a +1 hat (worn)
 d - a +1 pair of boots (worn)
 e - a +1 scale mail of fire resistance (worn)
 l - a +0 pair of gloves (worn)
Jewellery
 f - a +1 ring of protection (right hand)
 h - an amulet of the acrobat (around neck)
 k - an uncursed amulet of magic regeneration
Wands
 r - a wand of random effects (2)
 t - a wand of enslavement (6)
Scrolls
 i - 2 scrolls of remove curse
 o - a scroll of enchant weapon
 p - 4 scrolls of teleportation
 q - 7 scrolls of identify
 v - a scroll of immolation


   Skills:
 * Level 2.5 Fighting
 - Level 0.7(4.3) Maces & Flails
 * Level 6.8(6.9) Staves
 * Level 1.3 Armour
 * Level 3.6 Dodging
 - Level 2.6 Stealth


You had 6 spell levels left.
You didn't know any spells.
Your spell library contained the following spells:

 Spells                   Type           Power        Failure   Level  Hunger
 Magic Dart               Conj           #...         77%         1    N/A
 Searing Ray              Conj           #.....       88%         2    N/A
 Iskenderun's Mystic Bla  Conj           #.......     98%         3    N/A
 Fulminant Prism          Conj/Hex       #.........   100%        4    N/A
 Irradiate                Conj/Tmut      #.........   100%        5    N/A

Dungeon Overview and Level Annotations

Branches:
Dungeon (5/12)
 Temple: D:4-7

Altars:
Kikubaaqudgha
Lugonu
Nemelex Xobeh
Okawaru
Qazlal
Yredelemnul

Shops:
D:5 *


Innate Abilities, Weirdness & Mutations

You do not eat or drink.
Your flesh is vulnerable to fire.
You are immune to poison.
You possess an exceptional clarity of mind.
Your flesh is cold resistant. (rC+)
You are immune to negative energy. (rN+++)
You are immune to unholy pain and torment.
You can survive without breathing.


Message History

The troll is severely wounded.
The troll bites you but does no damage. The troll barely misses you.
The troll claws you but does no damage.
You closely miss the troll.
The troll is severely wounded.
The troll bites you! The troll claws you but does no damage.
The troll claws you.
* * * LOW HITPOINT WARNING * * *
The troll completely misses you. The troll claws you!
* * * LOW HITPOINT WARNING * * *
The troll completely misses you.
Okay, then.
Evoke which item? (* to show all) (? for menu, Esc to quit)
Aiming: Enslavement
Press: ? - help, Shift-Dir - straight line, f/p - troll
Aim: a troll (severely wounded, poisoned, chance to defeat MR: 46%)
The troll resists with some effort.
The troll bites you!
* * * LOW HITPOINT WARNING * * *
The troll closely misses you. The troll claws you.
You die...

### ..#
#####.#
..#.#.# #
#.#.#.#
#.#.#.#.#
#.#.#.#.#.#.#
#.........#.#
#.#.#.#.#@#.#
# #.#T#.#
#.#.#.#
#.#...#
#.##### #.#
#.# #∩#
..#.#####


You could see a troll.

Vanquished Creatures
  A sky beast (D:4)
  An ogre (D:4)
  2 bullfrogs (D:4)
  2 crimson imps (D:4)
  An orc priest (D:4)
  An orc wizard (D:4)
  2 iguanas (D:4)
  A hound zombie (D:5)
  A howler monkey skeleton (D:4)
  3 adders
  2 oozes
  4 worms
  A dart slug (D:2)
  3 leopard geckos
  13 orcs
  2 ball pythons
  3 bats
  A giant cockroach (D:1)
  9 goblins
  14 hobgoblins
  6 jackals
  3 quokkas
  6 frilled lizards
  15 kobolds
  A leopard gecko skeleton (D:4)
  3 rats
101 creatures vanquished.

Notes
Turn   | Place    | Note
-------+----------+-------------------------------------------
     0 | D:1      | Chiseanne the Mummy Archaeologist began the quest for the
                  | Orb.
     0 | D:1      | Reached XP level 1. HP: 15/15 MP: 1/1
   441 | D:1      | Reached XP level 2. HP: 21/21 MP: 2/2
   979 | D:1      | Reached XP level 3. HP: 25/27 MP: 3/3
  1372 | D:2      | Reached skill level 1 in Staves
  1486 | D:2      | Reached skill level 2 in Staves
  1862 | D:2      | Found a stormy altar of Qazlal.
  1862 | D:2      | Found an iron altar of Okawaru.
  1862 | D:2      | Found a corrupted altar of Lugonu.
  1862 | D:2      | Found a basalt altar of Yredelemnul.
  1879 | D:2      | Reached XP level 4. HP: 33/33 MP: 4/4
  2019 | D:3      | Reached skill level 3 in Staves
  2122 | D:3      | Found a sparkling altar of Nemelex Xobeh.
  2580 | D:4      | Reached skill level 4 in Staves
  2626 | D:4      | Reached XP level 5. HP: 38/38 MP: 5/5
  2636 | D:4      | Reached skill level 5 in Staves
  2920 | D:4      | Noticed a sky beast
  2961 | D:4      | Killed a sky beast
  2961 | D:4      | Reached skill level 6 in Staves
  2961 | D:4      | Reached XP level 6. HP: 14/44 MP: 6/6
  3478 | D:4      | Reached XP level 7. HP: 25/50 MP: 7/7
  3656 | D:4      | Reached skill level 1 in Armour
  3816 | D:4      | Found an ancient bone altar of Kikubaaqudgha.
  4082 | D:5      | Entered Level 5 of the Dungeon
  4108 | D:5      | Found Vuacvaah's General Store.
  4134 | D:5      | Noticed a troll
  4151 | D:5      | HP: 1/51 [troll (7)]
  4151 | D:5      | Slain by a troll

Skill      XL: |  1  2  3  4  5  6  7 |
---------------+----------------------+-----
Dodging        | 3 |  3.6
Staves         | 2 4 6 |  6.8
Fighting       | 2 |  2.5
Armour         | 1 |  1.3
Maces & Flails | |  0.7
Stealth        | |  2.6

Action                   |  1- 3 |  4- 6 |  7- 9 || total
-------------------------+-------+-------+-------++-------
Melee: Short sword       |   119 |   111 |    42 ||   272
       Whip              |    11 |       |       ||    11
       Lajatang          |       |    14 |       ||    14
Evoke: Wand              |       |     2 |     5 ||     7
  Use: Scroll            |     7 |     2 |       ||     9
 Stab: Sleeping          |     1 |       |       ||     1
Armor: Robe              |    13 |       |       ||    13
       Ring mail         |    27 |    43 |       ||    70
       Scale mail        |       |     4 |    24 ||    28
Dodge: Dodged            |    80 |    84 |    27 ||   191
